 Dungeon Crawl Stone Soup version 0.30-a0-738-g116ff8c4af (webtiles) character file.

Game seed: 11074687156470911048

3025 porpoise the Sneak (level 9, -18/67 HPs)
             Began as a Gnoll Enchanter on Feb 3, 2023.
             Was an Initiate of Hepliaklqana.
             Demolished by a komodo dragon (28 damage)
             ... on level 7 of the Dungeon on Feb 4, 2023.
             The game lasted 00:33:05 (6624 turns).

porpoise the Sneak (Gnoll Enchanter)                Turns: 6624, Time: 00:33:06

Health: -18/67     AC:  9    Str:  7    XL:     9   Next: 85%
Magic:  7/19       EV: 19    Int: 16    God:    Hepliaklqana [......]
Gold:   369        SH:  0    Dex: 16    Spells: 9/22 levels left

rFire   . . .      SeeInvis .    a - +2 dagger
rCold   . . .      Faith    .    (no shield)
rNeg    . . .      Spirit   .    v - +0 leather armour
rPois   .          Reflect  .    u - +1 helmet
rElec   .          Harm     .    l - +0 cloak
rCorr   .          Rampage  .    (no gloves)
Will    .....                    C - +1 pair of boots
Stlth   ++++                     G - amulet of the acrobat
HPRegen 0.31/turn                t - +5 ring of evasion
MPRegen 0.16/turn                p - ring of wizardry

@: confusing by touch
A: fangs 1, strong nose, distributed training
a: Renounce Religion


You were on level 7 of the Dungeon.
You worshipped Hepliaklqana.
Hepliaklqana was noncommittal.
You visited 2 branches of the dungeon, and saw 8 of its levels.
You also visited: Ossuary.

You collected 369 gold pieces.

Inventory:

Hand Weapons
 a - a +2 dagger (weapon)
 b - a +0 sling
Missiles
 n - 11 poisoned darts (quivered)
 s - 8 boomerangs
Armour
 l - a +0 cloak (worn)
 u - a +1 helmet (worn)
 v - a +0 leather armour (worn)
 w - a +0 robe
 C - a +1 pair of boots (worn)
Jewellery
 h - a ring of magical power
 p - a ring of wizardry (right hand)
 t - a +5 ring of evasion (left hand)
 G - an amulet of the acrobat (around neck)
Wands
 x - a wand of roots (4)
 A - a wand of paralysis (8)
 D - a wand of mindburst (11)
Scrolls
 d - a scroll of enchant weapon
 f - 3 scrolls of poison
 g - 4 scrolls of teleportation
 j - a scroll of immolation
 k - 4 scrolls of amnesia
 o - a scroll of fear
 y - 2 scrolls of fog
Potions
 c - 2 potions of invisibility
 e - 2 potions of curing
 i - a potion of heal wounds
 m - 2 potions of cancellation
 q - 2 potions of berserk rage
 r - 3 potions of attraction
 z - a potion of lignification
 B - 2 potions of haste
 E - a potion of brilliance {unknown}
 F - a potion of flight {unknown}


   Skills:
 + Level 4.8 Fighting
 + Level 5.5 Short Blades
 + Level 4.8 Long Blades
 + Level 4.8 Axes
 + Level 4.8 Maces & Flails
 + Level 4.8 Polearms
 + Level 4.8 Staves
 + Level 4.8 Ranged Weapons
 + Level 4.8 Throwing
 + Level 4.8 Armour
 + Level 6.7 Dodging
 + Level 7.8 Stealth
 + Level 4.8 Shields
 + Level 4.8 Unarmed Combat
 + Level 7.0 Spellcasting
 + Level 4.0 Conjurations
 + Level 6.8 Hexes
 + Level 4.0 Summonings
 + Level 4.0 Necromancy
 + Level 4.0 Translocations
 + Level 4.0 Transmutations
 + Level 4.0 Fire Magic
 + Level 4.0 Ice Magic
 + Level 4.0 Air Magic
 + Level 4.0 Earth Magic
 + Level 4.0 Poison Magic
 + Level 5.3 Invocations
 + Level 4.8 Evocations


You had 9 spell levels left.
You knew the following spells:

 Your Spells              Type           Power      Damage    Failure   Level
a - Confusing Touch       Hex            27%        N/A       1%          3
d - Tukima's Dance        Hex            27%        N/A       1%          3
e - Ensorcelled Hibernat  Hex/Ice        46%        N/A       1%          2
w - Wereblood             Tmut           18%        N/A       1%          2
z - Dazzling Flash        Conj/Hex       46%        N/A       2%          3

Your spell library contained the following spells:

 Spells                   Type           Power      Damage    Failure   Level
 Sublimation of Blood     Necr           18%        N/A       1%          2
 Summon Hydra             Summ           9%         N/A       100%        7


Dungeon Overview and Level Annotations

Branches:
Dungeon (7/15)             Temple (1/1) D:6         Ossuary (visited)

Altars:
Ashenzari
Cheibriados
Dithmenos
Elyvilon
Gozag
Hepliaklqana
Kikubaaqudgha
Makhleb
Okawaru
Qazlal
Ru
Trog
Uskayaw
Vehumet
Wu Jian
Xom
Yredelemnul
The Shining One

Shops:
D:7 =

Annotations:
D:7 1 transporter


Innate Abilities, Weirdness & Mutations

You have very sharp teeth.
Your uncanny sense of smell can sniff out nearby items.
Your experience applies equally to all skills.


Message History

Your Ice Magic skill increases to level 4!
Your Air Magic skill increases to level 4!
Your Earth Magic skill increases to level 4!
Your Poison Magic skill increases to level 4!
A cyclops comes into view.
The cyclops throws a large rock.
The large rock completely misses you. The komodo dragon misses you.
You see here an ugly thing corpse.
You strike the helpless komodo dragon from behind!
You impale the komodo dragon!! Your bite misses the komodo dragon.
The komodo dragon is moderately wounded.
You hit the komodo dragon but do no damage.
The komodo dragon is moderately wounded.
The komodo dragon barely misses you.
The komodo dragon bites itself!
You hit the komodo dragon. You punch the komodo dragon.
The komodo dragon is severely wounded.
You hit the komodo dragon.
The komodo dragon is severely wounded.
You hit the komodo dragon but do no damage.
The komodo dragon is severely wounded.
The komodo dragon seems less confused.
The komodo dragon bites you!!
Casting: Confusing Touch (safe; 1% risk of failure)
Confirm with . or Enter, or press ? or * to list all spells.
Aiming: Ensorcelled Hibernation (safe; 1% risk of failure)
Press: ? - help, Shift-Dir - straight line, f - cyclops
Aim: a cyclops, quivering large rocks (chance to affect: 37%)
The cyclops resists with some effort.
The komodo dragon barely misses you.
The komodo dragon attacks as you move away!
The komodo dragon misses you.
Casting: Ensorcelled Hibernation (safe; 1% risk of failure)
Confirm with . or Enter, or press ? or * to list all spells.
Your hands begin to glow red.
The komodo dragon barely misses you.
You closely miss the komodo dragon.
The komodo dragon is severely wounded.
The komodo dragon bites you!!
* * * LOW HITPOINT WARNING * * *
You hit the komodo dragon but do no damage.
The komodo dragon is severely wounded.
The komodo dragon bites you!!
You die...

.©....(..#..#
...###.>.).#
#.. #....##
##.###....#
#........# ∆
# ####.....#∆
.#
#....#####..#
#....##(..#
#....@lC..#
#....##...#
#....#####..#
#....# ∆ .#
###### #


You could see a cyclops and a komodo dragon.

Vanquished Creatures
  An ugly thing (D:7)
  A manticore (D:7)
  A troll (D:7)
  A yak (D:7)
  A water moccasin (D:6)
  A sky beast (D:7)
  An ogre (D:7)
  3 phantoms (D:4)
  An elf zombie (Ossuary)
  A bullfrog (D:6)
  A scorpion (D:5)
  3 killer bees (D:7)
  2 howler monkeys
  2 centaur zombies (Ossuary)
  3 human zombies (Ossuary)
  A jelly (D:5)
  7 hounds
  4 orc priests
  3 iguanas
  An orc wizard (D:7)
  2 hound zombies (Ossuary)
  3 mummies (Ossuary)
  3 gnolls (D:5)
  10 adders
  2 shadow imps (D:7)
  3 adder zombies (Ossuary)
  3 worms
  A dart slug (D:1)
  8 orcs
  10 endoplasms
  4 giant cockroaches
  A gnoll zombie (Ossuary)
  10 goblins
  8 hobgoblins
  5 kobolds
  2 ball pythons
  4 bats
  7 frilled lizards
  4 goblin zombies (Ossuary)
  2 hobgoblin zombies (Ossuary)
  3 jackal zombies (Ossuary)
  5 kobold zombies (Ossuary)
  2 orc zombies (Ossuary)
  5 quokka zombies
  2 rats
  3 rat zombies (Ossuary)
151 creatures vanquished.

Vanquished Creatures (collateral kills)
  An ice beast (D:5)
1 creature vanquished.

Grand Total: 152 creatures vanquished

Notes
Turn   | Place    | Note
-------+----------+-------------------------------------------
     0 | D:1      | porpoise the Gnoll Enchanter began the quest for the Orb.
     0 | D:1      | Reached XP level 1. HP: 13/13 MP: 6/6
   189 | D:1      | Reached XP level 2. HP: 19/19 MP: 7/7
   240 | D:1      | Learned a level 2 spell: Ensorcelled Hibernation
   609 | D:1      | Reached skill level 5 in Spellcasting
   609 | D:1      | Reached XP level 3. HP: 25/25 MP: 6/9
  1153 | D:2      | Learned a level 3 spell: Confusing Touch
  1157 | D:2      | Learned a level 3 spell: Tukima's Dance
  1172 | D:2      | Reached skill level 1 in Invocations
  1237 | D:2      | Reached skill level 1 in Fighting
  1237 | D:2      | Reached skill level 1 in Long Blades
  1237 | D:2      | Reached skill level 1 in Axes
  1237 | D:2      | Reached skill level 1 in Maces & Flails
  1237 | D:2      | Reached skill level 1 in Polearms
  1237 | D:2      | Reached skill level 1 in Staves
  1237 | D:2      | Reached skill level 1 in Ranged Weapons
  1237 | D:2      | Reached skill level 1 in Throwing
  1237 | D:2      | Reached skill level 1 in Armour
  1237 | D:2      | Reached skill level 1 in Shields
  1237 | D:2      | Reached skill level 1 in Unarmed Combat
  1237 | D:2      | Reached skill level 1 in Evocations
  1364 | D:2      | Reached XP level 4. HP: 32/32 MP: 8/11
  1723 | D:2      | Reached skill level 1 in Conjurations
  1723 | D:2      | Reached skill level 1 in Summonings
  1723 | D:2      | Reached skill level 1 in Necromancy
  1723 | D:2      | Reached skill level 1 in Translocations
  1723 | D:2      | Reached skill level 1 in Transmutations
  1723 | D:2      | Reached skill level 1 in Fire Magic
  1723 | D:2      | Reached skill level 1 in Ice Magic
  1723 | D:2      | Reached skill level 1 in Air Magic
  1723 | D:2      | Reached skill level 1 in Earth Magic
  1723 | D:2      | Reached skill level 1 in Poison Magic
  2176 | D:3      | Learned a level 3 spell: Dazzling Flash
  2242 | D:3      | Identified the +6 hand axe "Embalmer" {flame, rF+ Str+3}
  2263 | D:3      | You fall into a shaft and drop 3 floors!
  2286 | D:5      | Entered Level 5 of the Dungeon
  2354 | D:5      | Reached XP level 5. HP: 37/37 MP: 9/12
  2970 | D:4      | Reached XP level 6. HP: 44/44 MP: 14/14
  2997 | D:4      | Upgraded the game from 0.30-a0-737-gf23d94013f to
                  | 0.30-a0-738-g116ff8c4af
  3203 | D:4      | Reached skill level 5 in Dodging
  3255 | D:4      | Found an ornate altar of the Wu Jian Council.
  3575 | D:4      | Reached XP level 7. HP: 49/51 MP: 9/15
  3827 | D:4      | Learned a level 2 spell: Wereblood
  4151 | D:5      | Reached XP level 8. HP: 58/58 MP: 13/16
  4895 | D:6      | Found a staircase to the Ecumenical Temple.
  4911 | Temple   | Entered the Ecumenical Temple
  5005 | Temple   | Became a worshipper of Hepliaklqana the Forgotten
  5290 | D:7      | Found Opantak's Jewellery Boutique.
  5337 | D:7      | Found a sand-covered staircase.
  5347 | D:7      | Noticed a manticore
  5368 | D:7      | Killed a manticore
  5373 | Ossuary  | Entered an ossuary
  5665 | Ossuary  | Reached XP level 9. HP: 62/65 MP: 14/18
  6331 | D:7      | Reached skill level 5 in Short Blades
  6562 | D:7      | Found an ancient bone altar of Kikubaaqudgha.
  6563 | D:7      | Found an opulent altar of Gozag.
  6564 | D:7      | Found an iron altar of Okawaru.
  6564 | D:7      | Noticed a manticore
  6569 | D:7      | Found a transporter.
  6584 | D:7      | Noticed a troll
  6588 | D:7      | Noticed a red ugly thing
  6591 | D:7      | Noticed a komodo dragon
  6597 | D:7      | Killed a red ugly thing
  6598 | D:7      | Reached skill level 5 in Invocations
  6613 | D:7      | Killed a troll
  6614 | D:7      | Noticed a cyclops
  6624 | D:7      | Demolished by a komodo dragon

Illustrated notes

Levels and vault maps discovered:
D:1:      saegor_arrival_simple_a, layout_basic
D:2:      layout_rooms
D:3:      layout_basic
D:4:      layout_rooms, overflow_temple_1_default, kennysheep_boxes
D:5:      layout_basic, portal_sewer_entry_d
D:6:      layout_rooms, minmay_temple_entry_overgrown
D:7:      minmay_blocky_corners, layout_rooms, gammafunk_temple_overflow_arena,
          enter_bailey_5, enter_ossuary_4, minmay_shop_enchanted_jewellery,
          uniq_duvessa
Temple:   zaba_magenta_temple

Skill      XL: |  1  2  3  4  5  6  7  8  9 |
---------------+----------------------------+-----
Spellcasting   | 5 6 7 |  7.0
Stealth        | 6 7 |  7.8
Invocations    | 1 2 3 4 5 |  5.3
Fighting       | 1 2 3 4 |  4.8
Long Blades    | 1 2 3 4 |  4.8
Axes           | 1 2 3 4 |  4.8
Maces & Flails | 1 2 3 4 |  4.8
Polearms       | 1 2 3 4 |  4.8
Staves         | 1 2 3 4 |  4.8
Ranged Weapons | 1 2 3 4 |  4.8
Throwing       | 1 2 3 4 |  4.8
Armour         | 1 2 3 4 |  4.8
Shields        | 1 2 3 4 |  4.8
Unarmed Combat | 1 2 3 4 |  4.8
Evocations     | 1 2 3 4 |  4.8
Conjurations   | 1 2 3 4 |  4.0
Summonings     | 1 2 3 4 |  4.0
Necromancy     | 1 2 3 4 |  4.0
Translocations | 1 2 3 4 |  4.0
Transmutations | 1 2 3 4 |  4.0
Fire Magic     | 1 2 3 4 |  4.0
Ice Magic      | 1 2 3 4 |  4.0
Air Magic      | 1 2 3 4 |  4.0
Earth Magic    | 1 2 3 4 |  4.0
Poison Magic   | 1 2 3 4 |  4.0
Short Blades   | 3 4 5 |  5.5
Dodging        | 5 6 |  6.7
Hexes          | 6 |  6.8

Action                     |  1- 3 |  4- 6 |  7- 9 || total
---------------------------+-------+-------+-------++-------
  Melee: Dagger            |    85 |   138 |   293 ||   516
         Bite              |     7 |    20 |    44 ||    71
         Punch             |       |     2 |    14 ||    16
   Fire: Sling             |       |    10 |    71 ||    81
  Throw: Dart              |       |       |     1 ||     1
   Cast: Ensorcelled Hiber |    17 |    37 |    31 ||    85
         Confusing Touch   |       |     6 |    49 ||    55
         Wereblood         |       |       |     1 ||     1
  Evoke: Wand              |       |       |     3 ||     3
    Use: Scroll            |       |    13 |     6 ||    19
         Potion            |       |       |     1 ||     1
   Stab: Sleeping          |    17 |    29 |    21 ||    67
         Confused          |       |     3 |    31 ||    34
         Paralysed         |       |       |     3 ||     3
 Armour: Robe              |    17 |    11 |       ||    28
         Leather armour    |       |     1 |    37 ||    38
  Dodge: Dodged            |    51 |    83 |   192 ||   326

Table legend: (Time is in decaauts)
 A = Elapsed time spent in this place.
 B = Non-inter-level travel time spent in this place.
 C = Inter-level travel time spent in this place.
 D = Time resting spent in this place.
 E = Time spent auto-exploring this place.
 F = Levels seen in this place.
 G = Mean time per level.
                   A        B        C        D        E       F      G
               +--------+--------+--------+--------+--------+-----+--------+
         Total |   6521 |   6368 |    153 |   1827 |   2619 |   9 |  724.6 |
       Dungeon |   5511 |   5371 |    140 |   1382 |   2569 |   7 |  787.3 |
        Temple |    107 |     94 |     13 |      0 |     50 |   1 |  107.0 |
       Ossuary |    901 |    901 |      0 |    445 |      0 |   1 |  901.0 |
               +--------+--------+--------+--------+--------+-----+--------+

Top non-repeatable levels by time:
     D:2: 1085 daAuts
     D:1: 1052 daAuts
     D:4: 1004 daAuts
 Ossuary: 901 daAuts
     D:5: 774 daAuts
     D:3: 666 daAuts
     D:6: 557 daAuts
     D:7: 371 daAuts
  Temple: 107 daAuts
